 Dungeon Crawl Stone Soup version 0.31-a0-743-g45f7035092 (webtiles) character file.

Game seed: 1933042107437367610

694 LeprechaunX the Changeling (level 7, 0/46 HPs)
             Began as an Octopode Shapeshifter on Sept 12, 2023.
             Killed from afar by Blork the orc (9 damage)
             ... with a magic dart
             ... on level 4 of the Dungeon.
             The game lasted 00:04:09 (3310 turns).

LeprechaunX the Changeling (Octopode Shapeshifter)  Turns: 3310, Time: 00:04:10

Health: 0/46       AC:  1    Str: 19    XL:     7   Next: 64%
Magic:  16/16      EV: 14    Int: 14    God:
Gold:   226        SH:  0    Dex: 11    Spells: 6/6 levels left

rFire   . . .        s - +1 long sword of Ebav {vamp, rC+ Str+3 Int+2}
rCold   + + .        (no shield)
rNeg    + . .        (helmet currently unavailable)
rPois   .            (no amulet)
rElec   .            d - ring of magical power
rCorr   .            e - ring of protection from cold
SInv    .            h - ring of positive energy
Will    .....        (no ring)
Stlth   ++           (no ring)
HPRegen 0.27/turn    (no ring)
MPRegen 0.15/turn    (no ring)
                     (no ring)

%: no passive effects
@: beast-form
A: beast (slay +3), almost no armour, amphibious, 8 rings, camouflage 1,
gelatinous body 1, (nimble swimmer 1), tentacles
a: Begin Untransformation


You were on level 4 of the Dungeon.
You were a hulking beast.
You visited 1 branch of the dungeon, and saw 5 of its levels.

You collected 226 gold pieces.

Inventory:

Hand Weapons
 a - a +0 sling
 s - the +1 long sword of Ebav (weapon) {vamp, rC+ Str+3 Int+2}
   (You found it on level 3 of the Dungeon)

   Str+3:     It affects your strength (+3).
   Int+2:     It affects your intelligence (+2).
   rC+:       It protects you from cold.
Jewellery
 d - a ring of magical power (left tentacle)
 e - a ring of protection from cold (right tentacle)
 h - a ring of positive energy (on tentacle)
 q - an amulet of faith
Talismans
 b - a beast talisman (active)
 c - a flux talisman
Wands
 n - a wand of iceblast (13)
 v - a wand of mindburst (10)
Scrolls
 f - 3 scrolls of fog {unknown}
 g - a scroll of enchant weapon {unknown}
 i - 2 scrolls of identify {unknown}
 j - a scroll of revelation {unknown}
 l - 2 scrolls of noise {unknown}
 p - a scroll of enchant armour {unknown}
 r - 2 scrolls of fear {unknown}
 t - a scroll of amnesia {unknown}
Potions
 k - 2 potions of lignification
 m - a potion of curing
 o - a potion of heal wounds {unknown}
 u - a potion of enlightenment {unknown}


   Skills:
 + Level 3.5 Fighting
 + Level 4.1 Dodging
 + Level 4.6 Unarmed Combat
 * Level 5.5 Shapeshifting


You had 6 spell levels left.
You didn't know any spells.
Your spell library contained the following spells:

 Spells                   Type           Power      Damage    Failure   Level
 Sandblast                Erth           0%         2d4       28%         1
 Cigotuvi's Dreadful Rot  Necr/Pois/Air  0%         N/A       41%         2
 Passwall                 Tmut/Erth      0%         N/A       41%         2
 Frozen Ramparts          Ice            0%         1d1       65%         3
 Ignite Poison            Fire/Tmut/Pois 0%         N/A       65%         3
 Ozocubu's Armour         Ice            0%         N/A       65%         3
 Stone Arrow              Conj/Erth      0%         3d7       65%         3
 Petrify                  Tmut/Erth      0%         N/A       96%         4
 Freezing Cloud           Conj/Ice/Air   0%         6-21      100%        5
 Metabolic Englaciation   Hex/Ice        0%         N/A       100%        5
 Simulacrum               Ice/Necr       0%         N/A       100%        6


Dungeon Overview and Level Annotations

Branches:
Dungeon (5/15)
 Temple: D:4-7

Altars:
Qazlal
Uskayaw

Annotations:
D:4 Blork the orc


Innate Abilities, Weirdness & Mutations

You are a hulking beast.
Your limbs bulge with bestial killing power. (Slay +3)
You cannot wear most types of armour.
You are amphibious.
You can wear up to eight rings at the same time.
Your skin changes colour to match your surroundings (Stealth+).
Your rubbery body absorbs attacks. (AC +1, EV +1)
((You are camouflaged when in or above water. (Stealth+)))
You have tentacles for arms and can constrict up to eight enemies at once.


Message History

You constrict the gnoll. The gnoll hits you with a +0 club.
* * * LOW HITPOINT WARNING * * *
The gnoll misses you. The gnoll closely misses you.
Unknown command.
You hit the gnoll.
You feel better.
The gnoll is severely wounded.
You constrict the gnoll. The gnoll barely misses you.
The gnoll closely misses you. The gnoll completely misses you.
Unknown command.
You hit the gnoll.
You feel better.
You kill the gnoll!
Your attacks no longer feel as feeble.
The gnoll hits you from afar with a +0 spear.
* * * LOW HITPOINT WARNING * * *
The white imp gestures at you. The puff of frost hits you. You resist.
* * * LOW HITPOINT WARNING * * *
It was a potion of curing.
You feel better. The gnoll closely misses you.
The gnoll attacks as it pursues you! The gnoll closely misses you.
Blork the orc mumbles some strange words.
Blork the orc seems to speed up.
Blork the orc casts a cantrip, but nothing happens.
The white imp laughs crazily.
Blork the orc casts a spell at you. The puff of flame misses you.
Blork the orc hits you but does no damage.
There is a stone staircase leading up here.
Blork the orc barely misses you.
The gnoll hits you from afar with a +0 spear.
* * * LOW HITPOINT WARNING * * *
You climb upwards.
There is a stone staircase leading down here.
Unknown command.
You completely miss Blork the orc. Your grab misses Blork the orc.
Blork the orc misses you.
Blork the orc frowns.
Blork the orc begins to cast a cantrip, but forgets the words!
Blork the orc gestures at you while chanting.
The magic dart hits you!
You die...

#.....# #........# ♣♣.♣ #.....#
#......####♣†♣. #.....#
#......# #.♣♣♣ ######..##
#......## #♣.♣. ...#....#
#.......# #####
##<..##.#############.###.###.#
###...............##.###...#.#
#..###.####......##..####...#
##.## #)# #...ho.##..# ###.##
##..# #)## #......##..# #..#
#..## #..# #......#...# #..#
....# ##.# ####.##....# ##.#
###.#####)# #....#..# #.##
.......##)# ####....#######..#
)......##.# #..##...........
.......##.# ##.###.#######...
..._......# #..#.....)# ##..


You could see Blork the orc (fast).

Vanquished Creatures
  Sigmund (D:4)
  Edmund (D:4)
  A scorpion (D:4)
  A gnoll bouda (D:5)
  3 iguanas (D:4)
  3 orc wizards (D:4)
  2 gnolls (D:5)
  7 adders
  4 worms
  3 dart slugs (D:1)
  13 orcs
  5 endoplasms
  3 giant cockroaches
  5 goblins
  4 hobgoblins
  4 jackals
  7 kobolds
  A quokka (D:3)
  6 ball pythons
  5 bats
  6 frilled lizards
  6 rats
91 creatures vanquished.

Notes
Turn   | Place    | Note
-------+----------+-------------------------------------------
     0 | D:1      | LeprechaunX the Octopode Shapeshifter began the quest for
                  | the Orb.
     0 | D:1      | Reached XP level 1. HP: 13/13 MP: 1/1
   110 | D:1      | Reached XP level 2. HP: 11/18 MP: 2/2
   783 | D:1      | Reached XP level 3. HP: 23/23 MP: 3/3
  1216 | D:2      | Reached XP level 4. HP: 26/29 MP: 4/4
  2142 | D:3      | Identified the +1 long sword of Ebav {vamp, rC+ Str+3
                  | Int+2}
  2530 | D:4      | Reached skill level 4 in Shapeshifting
  2530 | D:4      | Reached XP level 5. HP: 34/34 MP: 5/5
  2578 | D:4      | Found a hide-covered altar of Uskayaw.
  2618 | D:4      | Reached XP level 6. HP: 39/41 MP: 6/6
  2736 | D:4      | Found a stormy altar of Qazlal.
  2960 | D:4      | Noticed Sigmund
  2970 | D:4      | Killed Sigmund
  2971 | D:4      | Reached skill level 5 in Shapeshifting
  2971 | D:4      | Reached XP level 7. HP: 35/46 MP: 7/7
  3025 | D:4      | Noticed Edmund
  3030 | D:4      | Killed Edmund
  3281 | D:5      | Entered Level 5 of the Dungeon
  3285 | D:5      | Noticed Blork the orc
  3295 | D:5      | HP: 2/46 [gnoll/+0 spear[a gnoll bouda] (5)]
  3300 | D:5      | HP: 1/46 [white imp/puff of frost (3)]
  3310 | D:4      | Killed from afar by Blork the orc

Illustrated notes

Levels and vault maps discovered:
D:1:      heliophobic_arrival_glass_houses, layout_loops_ring,
          minmay_misc_feat_ornament
D:2:      layout_loops_ring
D:3:      layout_loops_corners, roderic_lattice_a
D:4:      layout_rooms, mainiacjoe_overflow_small_starburst,
          nicolae_uskayaw_murder_on_the_dancefloor, chequers_arboretum,
          serial_bayou_pond_e, sigmund_edmund_badplayer
D:5:      layout_loops_corners, serial_glass, glass_columns_a, glass_columns_b,
          minmay_joined_circles, uniq_pikel, uniq_blork_the_orc

Skill      XL: |  1  2  3  4  5  6  7 |
---------------+----------------------+-----
Fighting       | 2 3 |  3.5
Shapeshifting  | 4 5 |  5.5
Dodging        | 3 4 |  4.1
Unarmed Combat | 4 |  4.6

Action                     |  1- 3 |  4- 6 |  7- 9 || total
---------------------------+-------+-------+-------++-------
  Melee: Unarmed           |    68 |    30 |       ||    98
         Constrict         |    19 |    26 |     8 ||    53
         Tentacles         |    14 |    18 |     7 ||    39
         Punch             |     1 |     1 |     2 ||     4
         Long sword        |       |    51 |    25 ||    76
    Use: Potion            |       |       |     1 ||     1
   Stab: Sleeping          |     6 |     5 |       ||    11
 Armour: Skin              |    27 |    37 |    21 ||    85
  Dodge: Dodged            |    37 |    35 |    34 ||   106

Table legend: (Time is in decaauts)
 A = Elapsed time spent in this place.
 B = Non-inter-level travel time spent in this place.
 C = Inter-level travel time spent in this place.
 D = Time resting spent in this place.
 E = Time spent auto-exploring this place.
 F = Levels seen in this place.
 G = Mean time per level.
                   A        B        C        D        E       F      G
               +--------+--------+--------+--------+--------+-----+--------+
         Total |   3329 |   3227 |    102 |     57 |   2613 |   5 |  665.8 |
       Dungeon |   3329 |   3227 |    102 |     57 |   2613 |   5 |  665.8 |
               +--------+--------+--------+--------+--------+-----+--------+

Top non-repeatable levels by time:
     D:3: 1042 daAuts
     D:1: 817 daAuts
     D:4: 777 daAuts
     D:2: 659 daAuts
     D:5: 32 daAuts
